 Dungeon Crawl Stone Soup version 0.29-a0-563-g64e4043184 (webtiles) character file.

Game seed: 2654383657212661936

18 spaghetti the Grave Robber (level 2, 19/19 HPs)
             Began as a Demonspawn Necromancer on June 12, 2022.
             Was a Follower of Wu Jian.
             Quit the game on level 1 of the Dungeon.
             The game lasted 00:01:25 (1556 turns).

spaghetti the Grave Robber (Demonspawn Necromancer) Turns: 1556, Time: 00:01:26

Health: 19/19      AC:  3    Str:  8    XL:     2   Next: 48%
Magic:  5/5        EV: 12    Int: 16    God:    Wu Jian [*.....]
Gold:   11         SH:  0    Dex: 13    Spells: 4/5 levels left

rFire   . . .      SeeInvis .   e - +0 club {mace}
rCold   . . .      Faith    .   (no shield)
rNeg    . . .      Spirit   .   a - +0 robe
rPois   +          Reflect  .   (helmet restricted)
rElec   .          Harm     .   (no cloak)
rCorr   .          Rampage  .   (no gloves)
Will    .....                   i - +0 pair of boots
Stlth   ++........              (no amulet)
HPRegen 0.06/turn               k - ring of poison resistance
MPRegen 0.09/turn               (no ring)

@: no status effects
A: antennae 1
a: Renounce Religion


You were on level 1 of the Dungeon.
You worshipped Wu Jian.
Wu Jian was aware of your devotion.
You visited 1 branch of the dungeon, and saw 1 of its levels.

You collected 11 gold pieces.


Innate Abilities, Weirdness & Mutations

You have a pair of small antennae on your head.


   Skills:
 - Level 1.7 Dodging
 - Level 1.7 Stealth
 - Level 2.0 Spellcasting
 + Level 5.2 Necromancy


You had 4 spell levels left.
You knew the following spells:

 Your Spells              Type           Power      Damage    Failure   Level
a - Necrotize             Necr           72%        1d7       2%          1

Your spell library contained the following spells:

 Spells                   Type           Power      Damage    Failure   Level
 Vampiric Draining        Necr           18%        2d7       8%          3
 Animate Dead             Necr           18%        N/A       24%         4
 Portal Projectile        Hex/Tloc       2%         N/A       52%         3
 Tukima's Dance           Hex            1%         N/A       52%         3
 Agony                    Necr           18%        N/A       56%         5
 Blade Hands              Tmut           0%         N/A       99%         5

Inventory:

Hand Weapons
 e - a +0 club (weapon) {mace}
   (You took it off a goblin on level 1 of the Dungeon)
Missiles
 c - 43 stones {throwing}
 f - 3 javelins {throwing}
Armour
 a - a +0 robe (worn)
 i - a +0 pair of boots (worn)
   (You found it on level 1 of the Dungeon)
Jewellery
 d - a ring of ice
   (You found it on level 1 of the Dungeon)
 k - a ring of poison resistance (left hand)
   (You found it on level 1 of the Dungeon)
Scrolls
 j - 3 scrolls of teleportation {unknown}
Potions
 b - a potion of magic
 g - a potion of resistance {unknown}
 h - a potion of attraction {unknown}

Dungeon Overview and Level Annotations

Branches:
Dungeon (1/15)

Altars:
Kikubaaqudgha
Wu Jian

...#.#...#.#.............##..# #
##.#.#####.#.#....#.#....##..# #
.#.#...# #.#.#....#......##..####
.#####.###.#.#....#.#.#>.##......
.....#.....#.#.#..#.#.##.##..####
####.###.###.###.##......##..# #
####.###.###.##⌠.⌠###.#####..####
.............###.####.#####......
##########.####⌠@⌠#...........###
..............##.##...##.####.# #
##########.####⌠.⌠###.##.# #.###
..............##.##....#.# #)#..
.#######...#.#...####.##.# #.###
.# #..............##.# #.# # .#
#...#.#..########.# #†# # .#
#...#........# #.####.### .#
#...#..[.###.# #.........


There were no monsters in sight!


Message History

You lost 1 mp, and now have 2/5 mp.
Casting: Necrotize (safe; 2% risk of failure)
Confirm with . or Enter, or press ? or * to list all spells.
You can't see any susceptible monsters within range! (Use Z to cast anyway.)
You see here a dart slug corpse.
Key pressed, stopping explore.
Key pressed, stopping explore.
Found a faded altar of an unknown god. 😎 HP[+1] MP[+3]
Your hp is fully restored (19).
Your mp is fully restored (5).
There is a fountain of clear blue water here.
A bat comes into view.
A bat is nearby!
The bat hits you. The bat completely misses you. 😕 HP[-1]
You take 1 damage, and now have 18/19 hp.
You are too injured to fight recklessly!
You are too injured to fight recklessly!
You are too injured to fight recklessly!
You are too injured to fight recklessly!
You are too injured to fight recklessly!
You are too injured to fight recklessly!
You are too injured to fight recklessly!
You are too injured to fight recklessly!
You are too injured to fight recklessly!
You are too injured to fight recklessly!
You are too injured to fight recklessly!
You are too injured to fight recklessly!
You are too injured to fight recklessly!
You are too injured to fight recklessly!
You are too injured to fight recklessly!
Unknown command.
Casting: Necrotize (safe; 2% risk of failure)
Confirm with . or Enter, or press ? or * to list all spells.
Aiming: Necrotize (safe; 2% risk of failure)
Press: ? - help, Shift-Dir - straight line, f - bat
Aim: a bat (chance to affect: 88%)
The bat writhes in agony.
You kill the bat!
The dead are flying! 😕 MP[-1]
You lost 1 mp, and now have 4/5 mp.
Casting: Necrotize (safe; 2% risk of failure)
Confirm with . or Enter, or press ? or * to list all spells.
You can't see any susceptible monsters within range! (Use Z to cast anyway.)
Casting: Necrotize (safe; 2% risk of failure)
Confirm with . or Enter, or press ? or * to list all spells.
You can't see any susceptible monsters within range! (Use Z to cast anyway.)
You swap places.
You swap places.
Key pressed, stopping explore.
Your bat skeleton crumbles into dust!
You open the door.
There is an open door here.
Key pressed, stopping explore.
Key pressed, stopping explore.
Key pressed, stopping explore.
There is an open door here.
Key pressed, stopping explore.
There is a faded altar of an unknown god here.
There is a stone staircase leading down here.
There is a stone staircase leading down here.
You open the door.
Found an ancient bone altar of Kikubaaqudgha. 😎 HP[+1] MP[+1]
Your hp is fully restored (19).
Your mp is fully restored (5).
Search for what [Enter for "boot", or ? for help]?
Okay, then.
There is an open door here.
k - a ring of poison resistance
k - a ring of poison resistance (left hand)
There is an open door here.
Key pressed, stopping explore.
Key pressed, stopping explore.
Key pressed, stopping explore.
Key pressed, stopping explore.
c - 43 stones {throwing} (gained 20) Key pressed, stopping explore.
There is an open door here.
Key pressed, stopping explore.
Key pressed, stopping explore.
There is a stone staircase leading down here.
You pick up a book of Weapons and begin reading...
You add the spells Tukima's Dance, Portal Projectile and Blade Hands to your library.
Done exploring.
Done exploring.
Done exploring.
Done exploring.
Search for what [Enter for "boot", or ? for help]? altar
There is a faded altar of an unknown god here.
You cannot tell which god this altar belongs to.
Convert to them anyway?
Wu Jian accepts your prayer! The Council welcomes you!
You can now perform damaging attacks by moving towards foes.
You can now lightly attack monsters by moving around them.
Unknown command.
Press < or > to pray at altars.
Unknown command.
Press < or > to pray at altars.
Are you sure you want to abandon this character and quit the game? (Confirm with "yes".)

Skill      XL: |  1  2 |
---------------+-------+-----
Necromancy     | 5 |  5.2
Dodging        | |  1.7
Stealth        | |  1.7
Spellcasting   | |  2.0

Action                   || total
-------------------------++-------
Melee: Club              ||    17
 Cast: Necrotize         ||    19
 Stab: Sleeping          ||     1
Armor: Robe              ||     7
Dodge: Dodged            ||    27

Levels and vault maps discovered:
D:1:      elethiomel_arrival_maze, layout_basic, ebering_ecumenical_altar_hall,
          kennysheep_flooded_box, minmay_misc_feat_cross

Notes
Turn   | Place    | Note
-------+----------+-------------------------------------------
     0 | D:1      | spaghetti the Demonspawn Necromancer began the quest for
                  | the Orb.
     0 | D:1      | Reached XP level 1. HP: 13/13 MP: 3/3
     0 | D:1      | magus.rc [v1.9.6]
   514 | D:1      | Gained mutation: You have a pair of small antennae on your
                  | head. [demonic ancestry]
   514 | D:1      | Reached XP level 2. HP: 18/19 MP: 0/5
   522 | D:1      | Reached skill level 5 in Necromancy
   903 | D:1      | Found a faded altar of an unknown god.
  1237 | D:1      | Found an ancient bone altar of Kikubaaqudgha.
  1461 | D:1      | You pick up a book of Weapons and begin reading...
  1461 | D:1      | You add the spells Tukima's Dance, Portal Projectile and
                  | Blade Hands to your library.
  1555 | D:1      | Prayed at the altar of an unknown god.
  1555 | D:1      | Became a worshipper of the Wu Jian Council
  1555 | D:1      | Reached * piety under Wu Jian
  1556 | D:1      | Quit the game

Vanquished Creatures
  A dart slug (D:1)
  A bat (D:1)
  2 endoplasms (D:1)
  4 goblins (D:1)
  2 hobgoblins (D:1)
  2 quokkas (D:1)
  A ball python (D:1)
  A frilled lizard (D:1)
14 creatures vanquished.

Table legend:
 A = Non-vault XP
 B = Vault XP
 C = Vault XP percentage of total XP
 D = Non-vault monster count
 E = Vault monster count
 F = Vault count percentage of total count
                 A         B        C        D         E       F
            +---------+---------+-------+---------+---------+-------
      Total |      26 |       0 |   0.0 |      14 |       0 |   0.0
            +---------+---------+-------+---------+---------+-------
        D:1 |      26 |       0 |   0.0 |      14 |       0 |   0.0
            +---------+---------+-------+---------+---------+-------

Illustrated notes

Table legend:
 A = Kills in this place as a percentage of kills in entire the game.
 B = Kills by you in this place as a percentage of kills by you in the entire game.
 C = Kills by friends in this place as a percentage of kills by friends in the entire game.
 D = Other kills in this place as a percentage of other kills in the entire game.
 E = Experience gained in this place as a percentage of experience gained in the entire game.
 F = Experience gained in this place divided by the number of levels of this place that you have seen.
                   A       B       C       D       E      F
               +-------+-------+-------+-------+-------+----------------------
         Total | 100.0 | 100.0 |   N/A |   N/A | 100.0 |  26.0
       Dungeon | 100.0 | 100.0 |   N/A |   N/A | 100.0 |  26.0
               +-------+-------+-------+-------+-------+----------------------

Table legend: (Time is in decaauts)
 A = Elapsed time spent in this place.
 B = Non-inter-level travel time spent in this place.
 C = Inter-level travel time spent in this place.
 D = Time resting spent in this place.
 E = Time spent auto-exploring this place.
 F = Levels seen in this place.
 G = Mean time per level.
                   A        B        C        D        E       F      G
               +--------+--------+--------+--------+--------+-----+--------+
         Total |   1560 |   1461 |     99 |      0 |   1352 |   1 | 1560.0 |
       Dungeon |   1560 |   1461 |     99 |      0 |   1352 |   1 | 1560.0 |
               +--------+--------+--------+--------+--------+-----+--------+

Top non-repeatable levels by time:
     D:1: 1560 daAuts
